 Dungeon Crawl Stone Soup version 0.28.0-53-g5a82cb258f (webtiles) character file.

Game seed: 626906792470332175

163 Zeld the Conjurer (level 5, 0/28 HPs)
             Began as a Deep Elf Conjurer on May 25, 2022.
             Slain by Grinder (5 damage)
             ... on level 3 of the Dungeon.
             The game lasted 00:03:11 (2858 turns).

Zeld the Conjurer (Deep Elf Conjurer)               Turns: 2858, Time: 00:03:12

Health: 0/28       AC:  2    Str:  4    XL:     5   Next: 20%
Magic:  7/14       EV: 12    Int: 25    God:
Gold:   117        SH:  0    Dex: 13    Spells: 3/14 levels left

rFire   . . .      SeeInvis .   (no weapon)
rCold   . . .      Faith    .   (no shield)
rNeg    . . .      Spirit   .   a - +0 robe
rPois   .          Reflect  .   (no helmet)
rElec   .          Harm     .   h - scarf {repulsion}
rCorr   .          Rampage  .   (no gloves)
Will    .....                   (no boots)
Stlth   ++........              (no amulet)
HPRegen 0.09/turn               (no ring)
MPRegen 0.14/turn               (no ring)

@: repel missiles
A: no striking features
a: no special abilities


You were on level 3 of the Dungeon.
You visited 1 branch of the dungeon, and saw 3 of its levels.

You collected 117 gold pieces.

Inventory:

Armour
 a - a +0 robe (worn)
 h - a scarf of repulsion (worn)
Scrolls
 c - 2 scrolls of teleportation {unknown}
 d - 2 scrolls of magic mapping {unknown}
 g - a scroll of brand weapon {unknown}
 i - a scroll of identify {unknown}
Potions
 b - a potion of flight {unknown}
 e - a potion of cancellation {unknown}
 f - 2 potions of mutation {unknown}
 j - a potion of degeneration {unknown}


   Skills:
 - Level 2.4 Dodging
 - Level 2.4 Stealth
 + Level 5.0 Spellcasting
 + Level 5.5 Conjurations
 - Level 2.0 Hexes
 - Level 2.0 Translocations


You had 3 spell levels left.
You knew the following spells:

 Your Spells              Type           Power      Damage    Failure   Level
a - Magic Dart            Conj           100%       1d8       1%          1
b - Searing Ray           Conj           66%        2d6       1%          2
c - Fulminant Prism       Conj/Hex       12%        3d9       17%         4
d - Iskenderun's Mystic   Conj/Tloc      25%        2d7       17%         4

Your spell library contained the following spells:

 Spells                   Type           Power      Damage    Failure   Level
 Blink                    Tloc           32%        N/A       5%          2
 Dazzling Flash           Conj/Hex       50%        N/A       5%          3
 Lesser Beckoning         Tloc           16%        N/A       11%         3
 Manifold Assault         Tloc           16%        N/A       69%         5


Dungeon Overview and Level Annotations

Branches:
Dungeon (3/15)

Altars:
Dithmenos
Elyvilon
Okawaru

Annotations:
D:3 Grinder


Message History

Found a stone staircase leading down.
Grinder shouts!
You hear a shout!
Grinder is nearby!
Grinder is nearby!
Found a robe.
A goblin comes into view. It is wielding a +0 dagger.
Casting: Searing Ray (safe; 1% risk of failure)
Confirm with . or Enter, or press ? or * to list all spells.
Aiming: Searing Ray (safe; 1% risk of failure)
Press: ? - help, Shift-Dir - straight line, f - Grinder
Aim: Grinder (78% to hit)
The searing ray misses Grinder. (Press . to maintain the ray.) Unknown command.
The searing ray hits Grinder!
Grinder is moderately wounded.
The searing ray hits Grinder!
Grinder is heavily wounded.
Grinder hits you.
You writhe in agony.
The goblin hits you with a +0 dagger.
The searing ray hits Grinder.
Grinder is heavily wounded.
You finish channelling your searing ray.
Grinder hits you but does no damage. The goblin hits you with a +0 dagger.
Casting: Searing Ray (safe; 1% risk of failure)
Confirm with . or Enter, or press ? or * to list all spells.
Aiming: Searing Ray (safe; 1% risk of failure)
Press: ? - help, Shift-Dir - straight line, f - goblin, p - Grinder
Aim: a goblin, wielding a +0 dagger (76% to hit)
The searing ray hits Grinder!
Grinder is severely wounded.
The searing ray hits the goblin!
You kill the goblin! (Press . to maintain the ray.) Grinder hits you!
You writhe in agony.
The searing ray hits Grinder!
Grinder is almost dead.
Grinder hits you.
* * * LOW HITPOINT WARNING * * *
You writhe in agony.
You die...

##### #..)...# ##.[.###
#.####.# >###......##
####.####.# ...........
#......>... ..(.......#
#.##.##.#.. #.......#
#.##......# #...).#
#.##....### #..5#
##.##.##.# # #..@#
#........# # #...#
##........# # #...#
#.....÷..## #
#####...####...#÷.#.# #
....................####
..............)#.#...>..
.......[.........≈≈≈≈≈≈≈
#####...#.#######.......
. ###...#.#......######.


You could see Grinder.

Vanquished Creatures
  Natasha (twice) (D:2)
  5 adders
  A worm (D:2)
  A dart slug (D:1)
  5 orcs (D:3)
  An endoplasm (D:1)
  A giant cockroach (D:2)
  6 goblins
  7 hobgoblins
  6 jackals (D:1)
  5 quokkas
  4 ball pythons
  6 bats
  2 frilled lizards (D:1)
  3 kobolds
  5 rats
60 creatures vanquished.

Vanquished Creatures (others)
  A plant (D:1)
1 creature vanquished.

Grand Total: 61 creatures vanquished

Notes
Turn   | Place    | Note
-------+----------+-------------------------------------------
     0 | D:1      | Zeld the Deep Elf Conjurer began the quest for the Orb.
     0 | D:1      | Reached XP level 1. HP: 10/10 MP: 6/6
    33 | D:1      | Found a faded altar of an unknown god.
   114 | D:1      | Reached skill level 1 in Hexes
   202 | D:1      | Reached XP level 2. HP: 15/15 MP: 5/8
   231 | D:1      | Reached skill level 1 in Translocations
   252 | D:1      | Learned a level 2 spell: Searing Ray
   740 | D:1      | Reached XP level 3. HP: 19/19 MP: 6/9
  1591 | D:2      | Found an iron altar of Okawaru.
  1890 | D:2      | Noticed Natasha
  1893 | D:2      | Killed Natasha
  1894 | D:2      | Reached skill level 5 in Conjurations
  1894 | D:2      | Reached XP level 4. HP: 24/24 MP: 6/12
  2334 | D:2      | Noticed Natasha
  2342 | D:2      | Killed Natasha
  2617 | D:3      | Reached XP level 5. HP: 18/28 MP: 9/14
  2622 | D:3      | Reached skill level 5 in Spellcasting
  2756 | D:3      | Found a shadowy altar of Dithmenos.
  2759 | D:3      | Found a white marble altar of Elyvilon.
  2771 | D:3      | Learned a level 4 spell: Fulminant Prism
  2776 | D:3      | Learned a level 4 spell: Iskenderun's Mystic Blast
  2849 | D:3      | Noticed Grinder
  2858 | D:3      | Slain by Grinder

Illustrated notes

Levels and vault maps discovered:
D:1:      wander_arrival_chamber, layout_loops_ring,
          dreamdust_ecumenical_altar_grove, chequers_serial_rivers_micro_e,
          grunt_decor_fettered, serial_bayou_pond_d, serial_bayou_pond_c,
          serial_bayou_pond_e
D:2:      layout_basic, serial_rivers, chequers_serial_rivers_micro_c,
          chequers_serial_rivers_room_b, chequers_serial_rivers_small_b,
          chequers_serial_rivers_room_a, chequers_serial_rivers_micro_d,
          basic_altar, minmay_diced_spiral, uniq_natasha
D:3:      layout_loops_cross, nicolae_overflow_squiral, serial_bayou_pond_a,
          corexii_item_surrounded_by_moat, uniq_crazy_yiuf_cottage, uniq_grinder

Skill      XL: |  1  2  3  4  5 |
---------------+----------------+-----
Hexes          | 1 2 |  2.0
Translocations | 1 2 |  2.0
Spellcasting   | 4 5 |  5.0
Conjurations   | 5 |  5.5
Dodging        | |  2.4
Stealth        | |  2.4

Action                   |  1- 3 |  4- 6 || total
-------------------------+-------+-------++-------
Melee: Unarmed           |     5 |     2 ||     7
       Punch             |       |     1 ||     1
 Cast: Magic Dart        |    41 |       ||    41
       Searing Ray       |    17 |    17 ||    34
Armor: Robe              |     8 |     4 ||    12
Dodge: Dodged            |    14 |     8 ||    22
